Map: Ephemeron LE

Players

Vindicta

  • Race: Terran Terran
  • Spawn Location: 5:00

Probe - Winner!

  • Race: Protoss Protoss
  • Spawn Location: 11:00

VOD

Have the link to the VOD?

Description

Time

  • Played on: Sept. 6, 2019, 4:19 p.m.
  • Length: 17:09
Show
View Real Time Build Order
Export as new Build Order

Vindicta Terran 

Build Orders: Reaper Expand 

Get SALT Encoding   

  12  0:00  SCV  
  13  0:12  SCV  
  14  0:19  Supply Depot  
  14  0:25  SCV  
  15  0:40  SCV  
  15  0:42  Barracks  
  16  0:44  Refinery  
  16  0:53  SCV  
  17  1:05  SCV  
  18  1:17  SCV  
  19  1:31  Orbital Command, Reaper  
  20  1:45  Command Center  
  20  1:55  Supply Depot  
  20  1:57  SCV  
  21  2:04  Barracks Reactor  
  21  2:08  Refinery  
  21  2:10  SCV  
  22  2:22  SCV  
  23  2:23  Factory  
  23  2:34  SCV  
  24  2:39  Marine  
  24  2:40  Marine  
  26  2:46  SCV  
  27  2:57  Marine x2  
  27  2:58  SCV  
  30  2:59  Orbital Command  
  30  3:07  Widow Mine, Starport  
  32  3:15  SCV, Marine x2  
  34  3:21  Barracks  
  34  3:24  SCV  
  35  3:27  SCV  
  35  3:33  Supply Depot  
  36  3:36  SCV  
  36  3:37  Widow Mine, Marine  
  36  3:39  Marine  
  36  3:41  SCV  
  42  3:46  Medivac  
  44  3:48  SCV  
  44  3:53  SCV  
  44  3:54  Bunker  
  46  4:00  Factory Tech Lab  
  46  4:01  SCV  
  47  4:05  SCV  
  47  4:08  Barracks  
  48  4:10  Supply Depot  
  48  4:12  Barracks Tech Lab, Marine  
  48  4:15  SCV  
  50  4:20  SCV  
  51  4:24  Factory Tech Lab  
  51  4:26  Raven  
  51  4:27  Marine  
  51  4:28  Refinery  
  54  4:31  SCV, Marine  
  54  4:32  SCV  
  54  4:34  Stimpack  
  57  4:43  SCV  
  57  4:44  Supply Depot  
  58  4:47  SCV, Engineering Bay  
  58  4:50  Factory Reactor  
  58  4:52  Marauder  
  60  4:55  SCV  
  60  4:59  SCV  
  62  5:06  Combat Shield, Marine  
  63  5:07  Supply Depot  
  63  5:08  Marauder, SCV  
  63  5:13  Marauder, Terran Infantry Weapons Level 1  
  67  5:16  Marine, SCV  
  67  5:18  Refinery  
  70  5:27  Barracks  
  70  5:28  Marine  
  70  5:29  Marine  
  70  5:32  Barracks  
  70  5:34  Medivac, Factory Reactor  
  73  5:40  Marine  
  74  5:43  Medivac  
  74  5:45  Supply Depot  
  74  5:46  Supply Depot  
  74  5:49  Marauder  
  78  6:01  SCV, Marine  
  78  6:02  Marine  
  77  6:06  Marauder  
  77  6:08  Supply Depot  
  77  6:10  Viking  
  77  6:11  Widow Mine x2, Marauder  
  85  6:14  Medivac  
  85  6:16  Marauder  
  88  6:18  Marine  
  89  6:27  Marauder  
  89  6:31  Barracks Reactor  
  89  6:32  Marauder  
  93  6:36  Marine x2  
  93  6:38  Widow Mine  
  99  6:40  Widow Mine  
  99  6:41  Supply Depot  
  101  6:48  Marauder  
  101  6:49  Medivac x2  
  101  6:51  Command Center  
  101  6:52  Marine  
  101  6:53  Marine  
  107  7:01  SCV  
  105  7:05  Marine  
  105  7:07  Terran Infantry Armor Level 1  
  106  7:08  Marine x2  
  106  7:09  Marine  
  106  7:11  Widow Mine x2  
  111  7:20  SCV  
  114  7:23  Liberator  
  114  7:27  Marine  
  114  7:28  Supply Depot  
  114  7:29  Supply Depot  
  116  7:32  Liberator  
  116  7:34  Widow Mine x2  
  118  7:42  SCV x2  
  118  7:43  Supply Depot  
  126  7:56  Widow Mine, SCV x2  
  126  7:57  Widow Mine, Marine  
  129  8:01  Armory, Engineering Bay  
  129  8:02  Marine  
  127  8:08  SCV  
  127  8:09  Liberator  
  126  8:13  Marauder, Marine  
  126  8:17  Marine  
  126  8:19  Orbital Command  
  129  8:25  Marauder  
  134  8:30  Marauder  
  134  8:32  SCV x2  
  138  8:36  Marauder  
  140  8:45  Marine  
  140  8:46  Marauder, SCV  
  140  8:47  SCV  
  140  8:48  Orbital Command  
  145  8:50  Marine  
  146  8:57  Terran Infantry Weapons Level 2  
  146  8:58  SCV  
  146  9:00  SCV  
  150  9:10  SCV  
  150  9:12  Ghost Academy  
  150  9:14  SCV  
  150  9:16  Terran Infantry Armor Level 2  
  150  9:18  Supply Depot  
  142  9:28  Marauder, Marine  
  142  9:29  Marauder  
  142  9:30  SCV  
  146  9:36  Refinery, Marine, SCV x2  
  146  9:38  Refinery  
  141  9:40  Marine  
  141  9:44  SCV  
  141  9:45  Ghost  
  131  9:46  Enhanced Shockwaves  
  131  9:48  SCV  
  131  9:49  Ghost  
  131  9:50  Ghost  
  137  9:57  Widow Mine  
  137  9:58  SCV x2  
  129  10:02  Marine  
  129  10:05  Medivac x2  
  134  10:08  Command Center  
  134  10:18  Barracks  
  134  10:19  SCV  
  134  10:20  Barracks  
  137  10:22  Ghost  
  137  10:25  Ghost  
  138  10:30  Widow Mine x2  
  138  10:31  Supply Depot  
  140  10:38  Marauder, Marine x2  
  140  10:40  Sensor Tower x2, Missile Turret  
  140  10:41  Marine  
  145  10:42  Supply Depot  
  145  10:43  Supply Depot, Marine  
  146  10:51  Marine  
  146  10:53  Widow Mine x2  
  146  10:54  Marine  
  146  10:55  Marine  
  146  10:56  Terran Ship Weapons Level 1  
  153  10:58  SCV  
  153  10:59  Ghost  
  153  11:04  Marine  
  156  11:05  Marine x2  
  156  11:10  Barracks Tech Lab, Marauder  
  160  11:11  Missile Turret  
  160  11:15  Widow Mine x2  
  160  11:16  Marine x2  
  166  11:19  Barracks Tech Lab  
  164  11:31  Marauder x2, Marine x3  
  172  11:33  Terran Infantry Weapons Level 3  
  170  11:41  Marauder x2, Marine  
  170  11:46  Terran Infantry Armor Level 3  
  175  11:49  Marine  
  175  11:53  Marauder, Marine  
  179  12:03  Starport  
  179  12:04  Fusion Core  
  179  12:08  Marine x2  
  179  12:09  Marauder, Marine  
  179  12:13  Marine  
  158  12:31  Marauder, Marine  
  158  12:36  Marauder, Marine x2  
  158  12:38  Marine x2  
  158  12:39  Marauder, SCV x2  
  158  12:40  Marine  
  158  12:42  Liberator  
  153  12:49  Marine  
  137  12:53  Marauder  
  137  12:54  Marine x2  
  137  12:56  Marine  
  137  12:57  Marauder, Marine x2  
  135  13:00  Marine  
  128  13:13  Ghost, SCV  
  128  13:15  Marine  
  128  13:16  Marine  
  128  13:17  Marine  
  114  13:29  Marauder x2, Marine  
  114  13:30  SCV x2  
  114  13:34  Marine  
  123  13:35  Medivac  
  123  13:36  Marine  
  123  13:39  SCV  
  124  13:42  Medivac, Marine, SCV  
  124  13:46  Marine  
  129  13:49  Marine x2  
  129  13:53  SCV x2  
  129  13:54  SCV  
  134  13:56  Marauder  
  134  13:57  Starport Tech Lab  
  134  14:00  Marine  
  134  14:01  Marauder  
  137  14:06  Medivac, Marine  
  137  14:07  Marauder  
  140  14:13  Marauder, SCV, Marine x2  
  140  14:14  Marauder  
  147  14:17  Medivac  
  147  14:18  Marine  
  147  14:22  Marauder, Marine  
  153  14:24  Marine  
  153  14:28  Marine  
  142  14:34  SCV  
  142  14:36  Marine  
  142  14:37  Marauder  
  136  14:39  Orbital Command  
  136  14:40  Ghost  
  136  14:42  Medivac  
  141  14:47  Medivac, SCV  
  141  14:50  Marauder, Marine  
  141  14:51  Marine x2  
  141  14:52  Marauder  
  146  14:54  Marine  
  146  14:57  Marine  
  144  15:00  SCV x2  
  146  15:07  Marine  
  146  15:11  Liberator  
  146  15:13  Liberator, SCV x3  
  150  15:15  Missile Turret  
  150  15:16  Marauder, Marine  
  152  15:23  Liberator  
  152  15:27  Advanced Ballistics  
  158  15:36  Missile Turret  
  158  15:39  Marauder  
  158  15:41  SCV  
  166  15:44  Bunker  
  166  15:46  Marauder, Refinery, SCV  
  167  15:52  Marine, SCV  
  167  15:53  Marauder, Liberator  
  167  15:56  Liberator  
  141  16:06  Marine x3  
  141  16:07  Marauder x2  
  141  16:08  SCV  
  151  16:15  Marine  
  151  16:16  Marauder, Marine  
  151  16:18  Marine  
  155  16:24  Marine x3  
  152  16:28  Marauder, Marine  
  136  16:33  Marine  
  136  16:37  SCV  
  142  16:42  Marine  
  142  16:43  Marauder  
Show
View Real Time Build Order
Export as new Build Order

Probe Protoss - Winner!

Build Orders: 1 Gate Expand, Blink Stalkers 

Get SALT Encoding   

  12  0:00  Probe  
  13  0:12  Probe  
  14  0:18  Pylon  
  14  0:24  Probe  
  15  0:32  Probe  
  15  0:37  Gateway  
  15  0:40  Probe  
  16  0:47  Assimilator  
  17  0:51  Probe  
  18  1:03  Probe  
  19  1:15  Probe  
  20  1:23  Nexus  
  20  1:35  Cybernetics Core  
  20  1:36  Probe  
  21  1:42  Assimilator  
  21  1:48  Probe  
  22  1:55  Pylon  
  22  2:00  Probe  
  23  2:04  Adept  
  23  2:10  Probe  
  23  2:11  Warp Gate  
  26  2:18  Probe  
  27  2:24  Twilight Council  
  27  2:28  Probe  
  26  2:32  Probe  
  26  2:33  Stalker  
  30  2:40  Probe x2  
  31  2:50  Probe  
  32  2:52  Probe  
  34  3:02  Probe  
  34  3:03  Stalker  
  34  3:04  Probe  
  38  3:06  Blink  
  38  3:07  Gateway  
  38  3:15  Probe  
  38  3:16  Probe  
  40  3:25  Pylon  
  40  3:26  Probe  
  40  3:27  Probe  
  42  3:36  Robotics Facility  
  42  3:38  Probe  
  42  3:39  Probe  
  44  3:44  Gateway  
  44  3:50  Probe  
  44  3:51  Probe  
  44  3:53  Pylon  
  46  4:02  Probe, Stalker x2  
  51  4:03  Probe  
  51  4:04  Assimilator  
  52  4:11  Pylon  
  52  4:14  Probe  
  52  4:15  Probe  
  54  4:19  Observer  
  54  4:21  Pylon  
  54  4:27  Stalker x2  
  59  4:37  Observer, Pylon  
  59  4:44  Stalker  
  62  4:51  Stalker x2  
  62  4:52  Nexus  
  66  5:02  Observer  
  66  5:03  Pylon  
  67  5:10  Stalker  
  67  5:12  Probe x2  
  71  5:15  Stalker  
  71  5:18  Stalker  
  75  5:30  Observer  
  75  5:32  Probe  
  75  5:33  Forge  
  75  5:35  Forge  
  76  5:37  Sentry  
  76  5:40  Gateway  
  76  5:42  Gateway  
  78  5:43  Gateway  
  78  5:44  Charge  
  78  5:48  Gateway  
  78  5:49  Gateway, Probe  
  79  5:58  Immortal, Protoss Ground Weapons Level 1  
  83  6:07  Probe x2  
  83  6:08  Protoss Ground Armor Level 1  
  83  6:09  Probe  
  82  6:14  Zealot x2  
  86  6:20  Observer, Probe x2  
  86  6:23  Probe  
  89  6:32  Probe x2  
  90  6:35  Probe  
  92  6:44  Probe  
  92  6:45  Zealot x2, Probe  
  92  6:46  Zealot x2  
  102  6:47  Probe, Sentry  
  102  6:52  Pylon  
  104  6:56  Pylon  
  104  6:57  Probe  
  103  7:03  Zealot x2  
  103  7:04  Pylon  
  103  7:05  Pylon  
  107  7:10  Zealot x2  
  107  7:11  Zealot x2  
  115  7:16  Zealot x2  
  115  7:22  Pylon  
  119  7:24  Pylon, Zealot x2  
  123  7:32  Zealot x3  
  123  7:33  Zealot  
  129  7:38  Immortal  
  129  7:41  Sentry  
  129  7:42  Sentry  
  137  7:49  Protoss Ground Armor Level 2  
  137  7:50  Zealot x2  
  141  7:51  Protoss Ground Weapons Level 2  
  141  7:55  Zealot x3  
  145  8:06  Probe x2  
  145  8:07  Pylon  
  145  8:09  Pylon  
  145  8:11  Pylon  
  147  8:16  Probe, Assimilator x2  
  148  8:28  Nexus  
  148  8:33  Probe  
  148  8:34  Templar Archives, Probe  
  150  8:35  Stalker x3  
  156  8:42  Stalker  
  158  8:49  Stalker x2  
  158  8:51  Pylon  
  158  8:52  Probe  
  163  9:04  Stalker  
  163  9:05  Stalker x3  
  163  9:06  Observer, Probe  
  170  9:17  Zealot x4  
  172  9:31  Zealot x4  
  156  9:43  Psionic Storm  
  154  9:48  Probe x2  
  154  9:51  Zealot x7  
  170  9:52  Warp Prism  
  168  10:03  Protoss Ground Weapons Level 3  
  168  10:04  High Templar  
  172  10:07  Probe x3  
  172  10:08  Protoss Ground Armor Level 3  
  172  10:13  Photon Cannon x2  
  175  10:15  Pylon, High Templar x3  
  175  10:19  Probe  
  175  10:20  Probe x2  
  182  10:35  Probe x3  
  184  10:41  Assimilator  
  185  10:43  Zealot x5  
  195  10:51  Probe x2  
  195  10:53  Pylon  
  195  10:54  Photon Cannon  
  195  10:56  Assimilator  
  197  10:57  Shield Battery  
  197  11:00  Assimilator  
  185  11:32  High Templar  
  185  11:33  High Templar x2, Robotics Bay  
  185  11:34  Robotics Facility  
  191  11:43  High Templar  
  191  11:52  Zealot  
  191  11:53  Zealot x2  
  197  11:56  Gateway  
  197  11:57  Gateway  
  197  11:58  Gateway  
  197  12:01  Gateway  
  195  12:03  Gateway  
  195  12:05  Zealot x2  
  183  12:30  Disruptor x2  
  183  12:33  Zealot, Archon  
  183  12:34  Zealot x7  
  128  12:54  Zealot x7  
  128  12:55  Zealot x5  
  128  13:00  Stalker  
  128  13:05  Disruptor  
  130  13:10  Stalker x2  
  130  13:14  Stalker  
  130  13:15  Stalker x4  
  130  13:17  Zealot x4  
  130  13:18  Zealot  
  125  13:22  Colossus  
  125  13:24  Stalker  
  109  13:36  Stalker x2  
  109  13:38  High Templar x3, Sentry x2, Robotics Facility  
  109  13:39  Zealot x3  
  135  13:45  Stalker x2  
  139  13:56  Zealot  
  139  14:01  Photon Cannon, Extended Thermal Lance  
  141  14:03  Photon Cannon  
  141  14:04  Stalker x3  
  141  14:05  Zealot x4  
  141  14:07  Colossus  
  153  14:13  Sentry  
  161  14:20  Zealot  
  161  14:21  Zealot x4  
  167  14:35  Colossus  
  167  14:40  Stalker x2  
  167  14:41  Stalker x2  
  177  14:57  Colossus, Stalker x4  
  189  15:16  High Templar x2  
  189  15:17  High Templar x2  
  189  15:18  High Templar  
  199  15:34  Shield Battery  
  199  15:35  Shield Battery  
  199  15:38  Shield Battery  
  199  15:51  Nexus  
  191  16:00  Observer x2  
  183  16:07  Gravitic Boosters  
  173  16:13  Warp Prism  
  173  16:14  Stalker x2  
  173  16:15  Stalker x10  
  179  16:46  Pylon  
  179  16:49  Assimilator  
  179  16:52  Stalker x6  
  179  16:53  Assimilator  
Tags
 
Add a new tag
Caveats
  • Supply blocks, unpowered buildings, or Contaminate may cause inaccurate times.
  • Supply counts are checked every 10 seconds.